 Dungeon Crawl Stone Soup version 0.31-a0-185-g9dded2c639 (webtiles) character file.

Game seed: 3926850740404180052

219 qw the Skirmisher (level 5, -7/29 HPs)
             Began as a Deep Elf Hunter on June 22, 2023.
             Mangled by a gnoll sergeant
             ... wielding a +0 spear
              (8 damage)
             ... on level 3 of the Dungeon.
             The game lasted 00:00:33 (1480 turns).

qw the Skirmisher (Deep Elf Hunter)                 Turns: 1480, Time: 00:00:34

Health: -7/29      AC:  7    Str: 10    XL:     5   Next: 64%
Magic:  7/7        EV: 11    Int: 14    God:
Gold:   71         SH:  0    Dex: 18    Spells: 4/4 levels left

rFire   . . .        Y - +0 shortbow
rCold   . . .        (shield currently unavailable)
rNeg    . . .        f - +0 ring mail
rPois   .            h - +0 helmet
rElec   .            (no cloak)
rCorr   +            i - +0 pair of gloves
SInv    .            (no boots)
Will    .....        (no amulet)
Stlth   +            a - ring of resist corrosion
HPRegen 0.24/turn    (no ring)
MPRegen 0.10/turn

%: no passive effects
@: no status effects
A: no striking features
a: no special abilities


You were on level 3 of the Dungeon.
You visited 1 branch of the dungeon, and saw 3 of its levels.

You collected 93 gold pieces.
You spent 22 gold pieces at shops.


   Skills:
 + Level 1.5 Fighting
 - Level 9.2 Ranged Weapons
 - Level 2.4 Dodging
 - Level 1.2 Stealth


You had 4 spell levels left.
You didn't know any spells.
Your spell library was empty.

Inventory:

Hand Weapons
 Y - a +0 shortbow (weapon)
Armour
 f - a +0 ring mail (worn)
 h - a +0 helmet (worn)
 i - a +0 pair of gloves (worn)
Jewellery
 a - a ring of resist corrosion (left hand)
 m - a ring of resist corrosion
Scrolls
 b - a scroll of poison {unknown}
Potions
 c - a potion of might {unknown}
 d - a potion of ambrosia {unknown}
 j - 2 potions of curing
 k - a potion of enlightenment {unknown}
 l - a potion of degeneration {unknown}

Dungeon Overview and Level Annotations

Branches:
Dungeon (3/15)

Altars:

Shops:
D:1 *


Message History

You shoot an arrow. The gnoll shouts!
The arrow hits the gnoll.
The gnoll is lightly wounded.
You hear a shout! x2
A gnoll comes into view. It is wielding a +0 halberd.
A gnoll sergeant comes into view. It is wielding a +0 spear.
1466 ||| Stepping ~*~*~tactically~*~*~ (outnumbered).
1468 ||| Stepping ~*~*~tactically~*~*~ (outnumbered).
A gnoll sergeant and a gnoll come into view.
1470 ||| Stepping ~*~*~tactically~*~*~ (outnumbered).
You shoot an arrow.
The arrow hits the gnoll sergeant but does no damage.
The gnoll sergeant hits you from afar with a +0 spear.
The gnoll sergeant hits you from afar with a +0 spear!
You shoot an arrow. The gnoll shouts!
The arrow hits the gnoll sergeant but does no damage.
The gnoll sergeant hits you from afar with a +0 spear!
You shoot an arrow. The gnoll sergeant blocks the arrow.
The gnoll sergeant misses you.
You shoot an arrow. The arrow hits the gnoll sergeant!
The gnoll sergeant is moderately wounded.
A gnoll comes into view. It is wielding a +0 spear.
The gnoll sergeant barely misses you.
1475 ||| Stepping ~*~*~tactically~*~*~ (outnumbered).
You shoot an arrow. The gnoll sergeant blocks the arrow.
The gnoll sergeant hits you from afar with a +0 spear.
You shoot an arrow. The gnoll sergeant blocks the arrow.
The gnoll sergeant completely misses you.
You shoot an arrow.
The arrow barely misses the gnoll sergeant.
The gnoll sergeant hits you from afar with a +0 spear.
You shoot an arrow.
The arrow barely misses the gnoll sergeant.
The gnoll sergeant closely misses you.
You shoot an arrow.
The arrow closely misses the gnoll sergeant.
The gnoll sergeant hits you from afar with a +0 spear! x2
You die...

#.# ## ###.# .#
#..'###
.###.#....#
#.#.##....#
..####...####..#
...............#
##...####..#
##@#.##....#
##.###.#....#
#g## ##..####
#g# +### #..
#g.. #..g.
.....g #g..g..


You could see a gnoll sergeant and a gnoll.

Vanquished Creatures
  Sigmund (D:3)
  3 adders (D:2)
  A worm (D:2)
  A dart slug (D:1)
  3 bats
  2 endoplasms (D:1)
  A giant cockroach (D:1)
  3 hobgoblins
  2 jackals (D:3)
  3 kobolds (D:2)
  4 quokkas
  4 ball pythons
  A frilled lizard (D:2)
  4 goblins
  4 rats
37 creatures vanquished.

Notes
Turn   | Place    | Note
-------+----------+-------------------------------------------
     0 | D:1      | qw the Deep Elf Hunter began the quest for the Orb.
     0 | D:1      | Reached XP level 1. HP: 12/12 MP: 3/3
     0 | D:1      | 0 ||| qw: Version: 0.3-a-9-g12657ce
     0 | D:1      | 0 ||| qw: Game counter: 1818
     0 | D:1      | 0 ||| qw: Always use a shield: true
     0 | D:1      | 0 ||| qw: God list: Okawaru
     0 | D:1      | 0 ||| qw: Allow faded altars: false
     0 | D:1      | 0 ||| qw: Do Orc after D:15 true
     0 | D:1      | 0 ||| qw: Do second Lair branch before Depths: true
     0 | D:1      | 0 ||| qw: Lair rune preference: random
     0 | D:1      | 0 ||| qw: Plans: Normal
     0 | D:1      | 0 ||| PLANNING D:1-11
   226 | D:1      | Reached XP level 2. HP: 16/16 MP: 4/4
   324 | D:1      | Reached skill level 6 in Ranged Weapons
   343 | D:1      | Found Zorhap's Assorted Antiques.
   352 | D:1      | 352 ||| SHOPLISTING scratched agate ring (125 gold, have
                  | 47).
   352 | D:1      | 352 ||| BUYING smoky white potion (22 gold).
   352 | D:1      | Bought a smoky white potion for 22 gold pieces
   660 | D:1      | 660 ||| UPGRADING to +0 helmet.
   665 | D:1      | 665 ||| UPGRADING to +0 pair of gloves.
   670 | D:1      | 670 ||| READING scroll labelled LOUMUNAEMO.
   671 | D:1      | 671 ||| READING scroll labelled VILADE OMPI.
   672 | D:1      | 672 ||| READING scroll labelled FUJA ZEYVE.
   673 | D:1      | 673 ||| READING scroll labelled FEEREZ XYGOCS.
   674 | D:1      | 674 ||| READING scroll labelled OMNI TEFIRO.
   775 | D:1      | 775 ||| DRINKING 2 lumpy white potions.
   776 | D:1      | 776 ||| DROPPING scroll of butterflies.
   777 | D:1      | 777 ||| DROPPING potion of magic.
   930 | D:2      | Reached XP level 3. HP: 18/20 MP: 5/5
   965 | D:2      | Reached skill level 7 in Ranged Weapons
  1236 | D:2      | 1236 ||| UPGRADING to +0 ring mail.
  1246 | D:2      | 1246 ||| DROPPING +0 leather armour.
  1247 | D:2      | 1247 ||| UPGRADING to ring of resist corrosion.
  1248 | D:2      | 1248 ||| DROPPING ring of wizardry.
  1249 | D:2      | 1249 ||| READING scroll labelled VIWKOTZ NUKONURON.
  1250 | D:2      | 1250 ||| READING scroll labelled HEATEQ XIRIUG.
  1251 | D:2      | 1251 ||| DRINKING 3 smoky white potions.
  1301 | D:3      | Reached XP level 4. HP: 25/25 MP: 6/6
  1301 | D:3      | Found a faded altar of an unknown god.
  1302 | D:3      | Noticed Sigmund
  1313 | D:3      | Killed Sigmund
  1314 | D:3      | Reached skill level 9 in Ranged Weapons
  1314 | D:3      | Reached XP level 5. HP: 21/29 MP: 7/7
  1466 | D:3      | 1466 ||| Stepping ~*~*~tactically~*~*~ (outnumbered).
  1468 | D:3      | 1468 ||| Stepping ~*~*~tactically~*~*~ (outnumbered).
  1470 | D:3      | 1470 ||| Stepping ~*~*~tactically~*~*~ (outnumbered).
  1475 | D:3      | 1475 ||| Stepping ~*~*~tactically~*~*~ (outnumbered).
  1478 | D:3      | HP: 7/29 [gnoll sergeant/+0 spear (2)]
  1480 | D:3      | HP: 1/29 [gnoll sergeant/+0 spear (7)]
  1480 | D:3      | Mangled by a gnoll sergeant

Levels and vault maps discovered:
D:1:      dpeg_arrival_simpleton_a, layout_basic, serial_shops, shop
D:2:      layout_rooms, grunt_ministairs_4
D:3:      layout_basic, lemuel_doored_altar, basic_ecumenical_altar,
          minmay_misc_feat_secret_circle, hex_intersection,
          uniq_crazy_yiuf_cottage, uniq_sigmund, uniq_terence

Skill      XL: |  1  2  3  4 |
---------------+-------------+-----
Ranged Weapons | 6 7 9 |  9.2
Fighting       | |  1.5
Dodging        | |  2.4
Stealth        | |  1.2

Action                     |  1- 3 |  4- 6 || total
---------------------------+-------+-------++-------
   Fire: Shortbow          |    94 |    24 ||   118
    Use: Scroll            |     7 |       ||     7
         Potion            |     2 |       ||     2
 Armour: Leather armour    |     5 |       ||     5
         Ring mail         |       |     2 ||     2
  Dodge: Dodged            |    19 |     6 ||    25

Table legend:
 A = Non-vault XP
 B = Vault XP
 C = Vault XP percentage of total XP
 D = Non-vault monster count
 E = Vault monster count
 F = Vault count percentage of total count
                 A         B        C        D         E       F
            +---------+---------+-------+---------+---------+-------
      Total |      85 |     229 |  72.9 |      34 |       3 |   8.1
            +---------+---------+-------+---------+---------+-------
        D:1 |      28 |       0 |   0.0 |      16 |       0 |   0.0
        D:2 |      50 |      15 |  23.1 |      14 |       2 |  12.5
        D:3 |       7 |     214 |  96.8 |       4 |       1 |  20.0
            +---------+---------+-------+---------+---------+-------
